 Dungeon Crawl Stone Soup version 0.31.0-32-g396128a36d (webtiles) character file.

Game seed: 1902510326312193327

187336 SnailSD the Slayer (level 17, -5/188 HPs)
             Began as a Minotaur Berserker on Apr 13, 2024.
             Was the Champion of Trog.
             Blown up by an orb spider (51 damage)
             ... with an orb of destruction
             ... on level 3 of the Spider Nest.
             The game lasted 01:29:47 (27835 turns).

SnailSD the Slayer (Minotaur Berserker)            Turns: 27835, Time: 01:29:47

Health: -5/188     AC: 27    Str: 32    XL:     17   Next: 87%
Magic:  16/16      EV: 11    Int:  2    God:    Trog [******]
Gold:   3659       SH: 20    Dex: 19    Spells: 16/16 levels left

rFire   + + +        Y - +5 broad axe
rCold   . . .        v - +0 tower shield
rNeg    . . .        G - quicksilver dragon scales
rPois   +            x - +2 hat
rElec   +            F - +0 cloak "Hiudwu" {rElec}
rCorr   .            a - +2 pair of gloves
SInv    .            L - +2 pair of boots
Will    ++...        o - amulet "Bob Muafunt" {Acrobat rF+ Dex+2}
Stlth   +            Q - ring of the Divine God {rPois rF++ Str+3 Dex+6}
HPRegen 0.51/turn    O - +4 ring of slaying
MPRegen 0.15/turn

%: acrobat
@: on berserk cooldown, slowed, studying 3 skills, very slow
A: horns 2, retaliatory headbutt, dopey 1
a: Renounce Religion, Berserk, Trog's Hand, Brothers in Arms


You were on level 3 of the Spider Nest.
You worshipped Trog.
Trog was exalted by your worship.
You visited 5 branches of the dungeon, and saw 26 of its levels.
You also visited: Ossuary, Bailey and Gauntlet.

You collected 4016 gold pieces.
You spent 357 gold pieces at shops.

Inventory:

Hand Weapons
 l - a +6 antimagic war axe
 J - a +0 sling of flaming
 V - the +8 broad axe of a Billion Violins {heavy, rN+ Str+3}
   (Trog gifted it to you on level 1 of the Orcish Mines)

   Str+3:     It affects your strength (+3).
   rN+:       It protects you from negative energy.
 Y - a +5 broad axe (weapon)
Armour
 a - a +2 pair of gloves (worn)
 v - a +0 tower shield (worn)
 x - a +2 hat (worn)
 F - the +0 cloak "Hiudwu" (worn) {rElec}
   (You found it on level 2 of the Lair of Beasts)

   rElec:     It insulates you from electricity.
 G - quicksilver dragon scales (worn)
 L - a +2 pair of boots (worn)
 Z - a +3 plate armour
Jewellery
 b - a +5 ring of evasion
 o - the amulet "Bob Muafunt" (around neck) {Acrobat rF+ Dex+2}
   (You found it in a Gauntlet)

   [amulet of the acrobat]

   Acrobat:   It increases your evasion while moving and waiting.
   Dex+2:     It affects your dexterity (+2).
   rF+:       It protects you from fire.
 p - a ring of see invisible
 O - a +4 ring of slaying (right hand)
 Q - the ring of the Divine God (left hand) {rPois rF++ Str+3 Dex+6}
   (You took it off a minotaur in a Gauntlet)

   [ring of dexterity]

   Str+3:     It affects your strength (+3).
   Dex+6:     It affects your dexterity (+6).
   rF++:      It greatly protects you from fire.
   rPois:     It protects you from poison
 T - a ring of willpower
Wands
 f - a wand of digging (16)
 i - a wand of charming (18)
 I - a wand of mindburst (16)
 K - a wand of iceblast (33)
 R - a wand of flame (24)
 U - a wand of polymorph (7)
Scrolls
 c - a scroll of immolation
 d - 19 scrolls of teleportation
 j - a scroll of fear
 q - 10 scrolls of poison
 r - 2 scrolls of enchant armour
 u - a scroll of enchant weapon
 B - 2 scrolls of noise
 M - 4 scrolls of revelation
 N - 3 scrolls of fog
Potions
 e - 6 potions of invisibility
 g - a potion of enlightenment
 m - 11 potions of curing
 n - 4 potions of might
 t - 4 potions of resistance
 w - 8 potions of cancellation
 A - 5 potions of lignification
 C - 9 potions of ambrosia
 D - a potion of haste
 E - 7 potions of mutation
 W - 5 potions of attraction
Miscellaneous
 y - a sack of spiders


   Skills:
 + Level 26.2 Fighting
 - Level 18.0 Axes
 - Level 18.0 Armour
 - Level 2.1 Dodging
 - Level 15.0 Shields


You had 16 spell levels left.
You didn't know any spells.
Your spell library was empty.

Dungeon Overview and Level Annotations

Branches:
Dungeon (15/15)            Temple (1/1) D:7            Lair (5/5) D:11
  Swamp (0/4) Lair:3       Spider (3/4) Lair:2        Slime (0/5) Lair:5
    Orc (2/2) D:11            Elf (0/3) Orc:2        Vaults (0/5) D:14
 Depths (0/4) D:15        Ossuary (visited)          Bailey (visited)
Gauntlet (visited)

Altars:
Ashenzari
Cheibriados
Dithmenos
Elyvilon
Fedhas
Gozag
Hepliaklqana
Kikubaaqudgha
Makhleb
Nemelex Xobeh
Okawaru
Qazlal
Ru
Sif Muna
Trog
Uskayaw
Vehumet
Wu Jian
Xom
Yredelemnul
Zin
The Shining One
Jiyva
Lugonu

Shops:
D:1 (   D:7 *:   D:9 [   Orc:2 :::?(


Innate Abilities, Weirdness & Mutations

You have a pair of horns on your head.
You reflexively headbutt those who attack you in melee.
You are dopey. (Int -2)


Message History

The stream of webbing hits you but does no damage.
You are even more entangled.
You struggle to detach yourself from the web.
You feel a strong urge to attack something.
The jorogumo stares at you and mumbles some strange words.
The stream of webbing hits you but does no damage.
You are even more entangled.
The web tears apart.
The jorogumo casts a spell at you.
The stream of webbing hits you but does no damage.
You are caught in a web!
The web tears apart.
You feel your anger nearly subside. You block the jorogumo's attack.
You slice the jorogumo like a ripe choko!!!
You headbutt the jorogumo.
You feel the power of Trog in you as your rage grows.
You kill the jorogumo!
Trog accepts your kill.
Trog appreciates your killing of a magic user.
Your life force feels restored.
Found an escape hatch in the floor.
You feel a strong urge to attack something.
You are no longer berserk.
You are exhausted.
You feel yourself slow down.
The orb spider weaves a glowing orb of energy.
An orb of destruction comes into view.
You block the orb of destruction.
The orb of destruction dissipates.
The orb spider spins a strand of pure energy.
The orb spider weaves a glowing orb of energy.
An orb of destruction comes into view.
The orb of destruction hits a rock wall.
The orb spider spins a strand of pure energy.
The orb spider weaves a glowing orb of energy.
An orb of destruction comes into view.
There is a stone staircase leading up here.
The orb spider begins to weave its threads into a brightly glowing ball.
The orb of destruction hits you!!!
You die...

#.#....^....#.....>#......
#.^.......#...#.#......^..
##..s○.>##................
###^°..........#.........
###^.#.☼#......##.##..#.^#.
##^#....○......^..#......†.†
#.#...#.#○.....#.......#....
#.........○.#....#.....#...#
###.^###...@...^............
##..###^###.#.##...#..#...##
#.#..### ##.###........###
#^..## ####.^....#### ####.#
##..#...#.# #.## #........##
### ####..#.## #....##
##..##


You could see an orb spider (charged).

Vanquished Creatures
  Nikola (Spider:3)
  A sphinx (D:12)
  A tengu reaver (D:12)
  A frost giant (D:12)
  A ghost moth (Spider:3)
  An orc warlord (Bailey)
  A stone giant (D:13)
  2 spark wasps
  A minotaur (Gauntlet)
  The ghost of NikiYani the Basher, a journeyman GrBe of Trog (Lair:2)
  2 ettins
  3 fire dragons
  Erolcha (Orc:1)
  A catoblepas (Lair:1)
  A vault guard (D:14)
  10 hydras
  5 centaur warriors
  4 radroaches
  10 boulder beetles
  Erica (D:9)
  4 jorogumos
  7 two-headed ogres
  3 tengu warriors
  2 deep troll earth magi
  6 demonic crawlers
  An occultist (D:12)
  2 orc high priests
  Urug (D:10)
  A deep elf knight (D:13)
  A skyshark (Lair:2)
  Nergalle (D:10)
  A fire crab (Gauntlet)
  5 pharaoh ants
  A sixfirhy (Gauntlet)
  2 skeletal warriors
  A deep troll (D:14)
  A sun moth (Spider:1)
  A deep elf archer (D:13)
  A goliath frog (Lair:5)
  2 bog bodies (Lair:3)
  5 orb spiders
  An arcanist (D:15)
  An obsidian statue (Gauntlet)
  4 necromancers (Orc:1)
  3 steelbarb worms
  2 phantasmal warriors (D:12)
  2 orc knights (Orc:2)
  3 deep elf pyromancers
  4 orc sorcerers (Orc:2)
  An ugly thing (D:13)
  10 wolf spiders
  6 cyclopes
  3 moths of wrath
  A cyclops (shapeshifter) (D:12)
  3 black mambas
  3 meliai (D:15)
  6 manticores
  12 elephants
  Joseph (D:7)
  2 kobold blastminers (Orc:1)
  2 torpor snails
  2 gargoyles
  21 cane toads
  Jeremiah (D:7)
  6 kobold demonologists
  An unseen horror (D:11)
  A yaktaur (D:13)
  6 rime drakes
  11 komodo dragons
  A freezing wraith (D:13)
  Psyche (D:9)
  An efreet (D:13)
  A queen bee (Lair:3)
  A tengu conjurer (D:15)
  2 tyrant leeches (Lair:5)
  5 trolls
  A wolf spider simulacrum (D:15)
  25 tarantellas
  An ettin zombie (Orc:1)
  7 saltlings (Orc:2)
  Prince Ribbit (Lair:3)
  26 blink frogs
  14 culicivoras
  11 jumping spiders
  5 slime creatures (D:10)
  A vampire (D:12)
  3 wraiths
  Sigmund (D:4)
  10 wyverns
  3 centaur simulacra
  58 yaks
  A shadow (D:11)
  2 ettin skeletons (Orc:1)
  A water elemental (D:14)
  2 fire bats (Gauntlet)
  6 basilisks
  23 redbacks
  4 wargs
  A steam dragon (D:9)
  11 vampire mosquitoes
  A swamp worm (Lair:3)
  An acid dragon (D:9)
  Edmund (D:4)
  A water moccasin (shapeshifter) (D:15)
  20 water moccasins
  Duvessa (D:7)
  3 ice beasts
  An ettin simulacrum (Orc:1)
  37 orc warriors
  3 black bears
  An ogre (D:6)
  19 wolves
  A boggart (D:14)
  6 centaurs
  2 phantoms
  5 kobold brigands
  3 gnoll sergeants
  2 scorpions
  17 bullfrogs
  A kobold skeleton (Orc:1)
  A cyclops zombie (Orc:1)
  4 wights (D:10)
  Dowan (D:6)
  37 killer bees
  4 electric eels
  4 howler monkeys
  A bombardier beetle (D:4)
  A gnoll bouda (D:9)
  3 hounds
  15 jellies
  15 orc priests
  Crazy Yiuf (D:2)
  6 sleepcaps
  22 orc wizards
  Ijyb (D:3)
  6 iguanas
  7 hell rats (Lair:5)
  9 mummies
  23 gnolls
  5 adders
  A white imp (D:5)
  3 ufetubi (Gauntlet)
  5 orc skeletons
  A dart slug (D:1)
  4 ribbon worms
  100 orcs
  An orc simulacrum (Orc:1)
  10 ball pythons
  4 endoplasms
  3 giant cockroaches
  20 goblins
  16 hobgoblins
  2 jackals (D:3)
  A quokka (D:4)
  14 bats
  5 frilled lizards
  2 gnoll zombies (Ossuary)
  A goblin zombie (D:6)
  3 hobgoblin zombies
  22 kobolds
  3 kobold zombies (Ossuary)
  6 orc zombies
  5 rats
  2 butterflies
973 creatures vanquished.

Vanquished Creatures (others)
  An orb spider (Spider:3)
  3 tarantellas
  A redback (Spider:3)
  An orc wizard (Orc:1)
6 creatures vanquished.

Grand Total: 979 creatures vanquished

Notes
Turn   | Place    | Note
-------+----------+-------------------------------------------
     0 | D:1      | SnailSD the Minotaur Berserker began the quest for the Orb.
     0 | D:1      | Reached XP level 1. HP: 19/19 MP: 0/0
   497 | D:1      | Found Pyricaup's Weapon Shop.
   524 | D:1      | Reached XP level 2. HP: 20/26 MP: 1/1
  1146 | D:2      | Reached skill level 5 in Axes
  1263 | D:2      | Reached XP level 3. HP: 26/31 MP: 2/2
  1760 | D:2      | Found a runed translucent door.
  1761 | D:2      | Noticed Crazy Yiuf
  1766 | D:2      | Paralysed by Crazy Yiuf for 1 turns
  1770 | D:2      | Killed Crazy Yiuf
  1771 | D:2      | Reached XP level 4. HP: 22/39 MP: 3/3
  2086 | D:3      | Noticed Ijyb
  2097 | D:3      | Killed Ijyb
  2382 | D:3      | Reached ** piety under Trog
  2681 | D:3      | Reached XP level 5. HP: 45/45 MP: 4/4
  3210 | D:4      | Reached XP level 6. HP: 51/51 MP: 5/5
  3313 | D:4      | Noticed Edmund
  3322 | D:4      | Killed Edmund
  3428 | D:4      | Reached XP level 7. HP: 57/57 MP: 6/6
  3691 | D:4      | Noticed Sigmund
  3704 | D:4      | Killed Sigmund
  3705 | D:4      | Reached skill level 10 in Axes
  3975 | D:5      | Entered Level 5 of the Dungeon
  4270 | D:5      | Reached XP level 8. HP: 61/64 MP: 7/7
  4576 | D:5      | Reached *** piety under Trog
  4919 | D:6      | Found a sand-covered staircase.
  4928 | Ossuary  | Entered an ossuary
  5419 | D:6      | Found a blossoming altar of Fedhas.
  5534 | D:6      | Reached XP level 9. HP: 67/70 MP: 8/8
  5554 | D:6      | Found a radiant altar of Vehumet.
  5716 | D:6      | Reached **** piety under Trog
  5820 | D:7      | Noticed a two-headed ogre
  5827 | D:7      | Killed a two-headed ogre
  5828 | D:7      | Reached skill level 15 in Axes
  5829 | D:7      | Noticed Joseph
  5829 | D:7      | Noticed Duvessa
  5842 | D:7      | Killed Joseph
  5845 | D:7      | Killed Duvessa
  5851 | D:7      | Noticed Dowan
  6000 | D:6      | Killed Dowan
  6295 | D:7      | Found a staircase to the Ecumenical Temple.
  6332 | Temple   | Entered the Ecumenical Temple
  6428 | D:7      | Found Onolusur's General Store.
  6454 | D:7      | Noticed Jeremiah
  6497 | D:7      | Killed Jeremiah
  6498 | D:7      | Reached XP level 10. HP: 33/75 MP: 9/9
  6693 | D:7      | Found Ufuota Fisu's Vocational Training.
  7609 | D:8      | Reached ***** piety under Trog
  7778 | D:8      | Reached skill level 1 in Shields
  7900 | D:9      | Reached skill level 4 in Fighting
  7937 | D:9      | Noticed Erica
  8088 | D:9      | Killed Erica
  8147 | D:9      | Noticed Psyche
  8153 | D:9      | Killed Psyche
  8339 | D:9      | Reached skill level 5 in Armour
  8583 | D:9      | Found a glowing silver altar of Zin.
  8677 | D:9      | Reached skill level 5 in Fighting
  8753 | D:9      | Reached skill level 5 in Shields
  8863 | D:9      | Found Derosig's Armour Shoppe.
  8948 | D:10     | Entered Level 10 of the Dungeon
  9019 | D:10     | Reached XP level 11. HP: 83/88 MP: 10/10
  9056 | D:10     | Noticed Urug
  9074 | D:10     | Killed Urug
  9075 | D:10     | Reached skill level 6 in Fighting
  9089 | D:10     | Found a flagged portal.
  9102 | Bailey   | Entered a bailey
  9412 | Bailey   | Noticed an orc warlord
  9435 | Bailey   | Killed an orc warlord
  9436 | Bailey   | Reached skill level 7 in Fighting
  9648 | Bailey   | Identified the +7 battleaxe "Zaysoif" {protect, Will+}
  9653 | Bailey   | Reached skill level 9 in Fighting
  9653 | Bailey   | Reached XP level 12. HP: 104/104 MP: 11/11
  9654 | Bailey   | Reached skill level 10 in Fighting
  9654 | Bailey   | Reached XP level 13. HP: 115/115 MP: 12/12
  9655 | Bailey   | Reached skill level 12 in Fighting
  9655 | Bailey   | Reached skill level 15 in Armour
  9655 | Bailey   | Reached XP level 14. HP: 126/126 MP: 13/13
  9784 | D:10     | Noticed Nergalle
  9790 | D:10     | Killed Nergalle
 10247 | D:11     | Found a staircase to the Orcish Mines.
 10260 | D:11     | Identified the +4 battleaxe of Defilement {flame, Str+5
                  | Dex-3} (Trog gifted it to you on level 11 of the Dungeon)
 10260 | D:11     | Received a gift from Trog
 10815 | D:11     | Found a staircase to the Lair.
 11301 | D:12     | Found a hazy altar of Hepliaklqana.
 11370 | D:12     | Reached skill level 13 in Fighting
 11690 | D:12     | Noticed a frost giant
 11722 | D:12     | Killed a frost giant
 12232 | D:12     | Noticed a sphinx
 12545 | D:12     | Paralysed by a sphinx for 2 turns
 12552 | D:12     | Killed a sphinx
 12553 | D:12     | Reached skill level 14 in Fighting
 12785 | D:12     | Reached XP level 15. HP: 111/138 MP: 14/14
 13002 | D:12     | Noticed a tengu reaver
 13114 | D:12     | Killed a tengu reaver
 13115 | D:12     | Received a gift from Trog
 13116 | D:12     | Reached skill level 15 in Fighting
 13337 | D:13     | Found a gate leading to a gauntlet.
 13342 | Gauntlet | Entered a Gauntlet
 13342 | Gauntlet | Found a transporter.
 13367 | Gauntlet | Found a transporter.
 13369 | Gauntlet | Found a transporter.
 13380 | Gauntlet | Found a transporter.
 13383 | Gauntlet | Found a transporter.
 13397 | Gauntlet | Found a transporter.
 13412 | Gauntlet | Found a transporter.
 13413 | Gauntlet | Found a runed translucent door.
 13423 | Gauntlet | Found a transporter.
 13434 | Gauntlet | Found a transporter.
 13448 | Gauntlet | Found a transporter.
 13448 | Gauntlet | Found a transporter.
 13459 | Gauntlet | Found a runed translucent door.
 13462 | Gauntlet | Found a transporter.
 13473 | Gauntlet | Found a transporter.
 13517 | Gauntlet | Found a transporter.
 13600 | Gauntlet | Reached skill level 16 in Fighting
 13606 | Gauntlet | Identified the amulet "Bob Muafunt" {Acrobat rF+ Dex+2}
 13841 | Gauntlet | Identified the ring of the Divine God {rPois rF++ Str+3
                  | Dex+6}
 13900 | D:13     | Reached skill level 17 in Fighting
 14311 | D:13     | Reached skill level 18 in Fighting
 14563 | D:13     | Reached skill level 19 in Fighting
 14863 | D:14     | Reached skill level 20 in Fighting
 14953 | Lair:1   | Entered Level 1 of the Lair of Beasts
 15214 | Lair:1   | Reached skill level 21 in Fighting
 16324 | Lair:2   | Found a hole to the Spider Nest.
 16519 | Lair:2   | Identified the +0 cloak "Hiudwu" {rElec}
 16607 | Lair:2   | Identified the serpent talisman "Zeiqov" {Will+ Int+4
                  | Dex+5}
 16620 | Lair:2   | Found a runed translucent gate.
 16621 | Lair:2   | Found a runed translucent gate.
 16683 | Lair:2   | Found a runed translucent gate.
 16686 | Lair:2   | Noticed NikiYani's ghost (journeyman GrBe)
 16695 | Lair:2   | Killed NikiYani's ghost
 17208 | Lair:3   | Found a staircase to the Swamp.
 17284 | Lair:3   | Noticed Prince Ribbit
 17294 | Lair:3   | Reached skill level 22 in Fighting
 17294 | Lair:3   | Killed Prince Ribbit
 17298 | Lair:3   | Reached XP level 16. HP: 166/169 MP: 15/15
 17415 | Lair:3   | Received a gift from Trog
 18189 | Lair:4   | You fall into a shaft and drop 1 floor!
 18189 | Lair:5   | Entered Level 5 of the Lair of Beasts
 18233 | Lair:5   | Reached skill level 10 in Shields
 18277 | Lair:5   | Identified the +0 rapier of the Dragonfly {drain, Will+
                  | rCorr}
 18565 | Lair:4   | Reached ****** piety under Trog
 18795 | Lair:4   | Received a gift from Trog
 19748 | Lair:5   | Found a viscous altar of Jiyva.
 19751 | Lair:5   | Found a staircase to the Slime Pits.
 19985 | Lair:5   | Identified the +3 hand axe "Hydraslayer" {antimagic, +Blink
                  | Int+4}
 20011 | Lair:5   | Identified 3 scrolls of acquirement
 20011 | Lair:5   | Acquired 1036 gold pieces
 20015 | Lair:5   | Acquired a manual of Armour
 20017 | Lair:5   | Acquired a manual of Dodging
 20385 | Orc:1    | Entered Level 1 of the Orcish Mines
 20405 | Orc:1    | Noticed Erolcha
 20428 | Orc:1    | Killed Erolcha
 20490 | Orc:1    | Received a gift from Trog
 21461 | Orc:2    | Entered Level 2 of the Orcish Mines
 21518 | Orc:2    | Found Odicie's Antique Weapon Boutique.
 21659 | Orc:2    | Found a staircase to the Elven Halls.
 21673 | Orc:2    | Reached skill level 23 in Fighting
 21877 | Orc:2    | Found Jovvueh's Magic Scroll Emporium.
 21882 | Orc:2    | Bought a scroll of enchant weapon for 105 gold pieces
 21882 | Orc:2    | Bought a scroll of teleportation for 42 gold pieces
 21882 | Orc:2    | Bought a scroll of blinking for 105 gold pieces
 21882 | Orc:2    | Bought a scroll of enchant armour for 105 gold pieces
 21902 | Orc:2    | Found Himuwe Rafol's Book Boutique.
 21906 | Orc:2    | Found Sestin's Book Boutique.
 22228 | Orc:1    | Identified the +8 broad axe of a Billion Violins {heavy,
                  | rN+ Str+3} (Trog gifted it to you on level 1 of the Orcish
                  | Mines)
 22228 | Orc:1    | Received a gift from Trog
 22574 | Orc:2    | Found Leackuapn's Book Shop.
 22947 | D:14     | Found a corrupted altar of Lugonu.
 22992 | D:14     | Found a white marble altar of Elyvilon.
 23411 | D:14     | Reached XP level 17. HP: 149/180 MP: 16/16
 23496 | D:14     | Found a gate to the Vaults.
 23768 | D:15     | Entered Level 15 of the Dungeon
 23807 | D:15     | Reached skill level 15 in Shields
 24027 | D:15     | Found a staircase to the Depths.
 24775 | Spider:1 | Entered Level 1 of the Spider Nest
 24797 | Spider:1 | Reached skill level 24 in Fighting
 24803 | Spider:1 | Received a gift from Trog
 25978 | Spider:2 | Gained mutation: You are dopey. (Int -2) [mutagenic glow]
 26274 | Spider:2 | Reached skill level 25 in Fighting
 26682 | Spider:2 | Received a gift from Trog
 27338 | Spider:3 | Noticed Nikola
 27360 | Spider:3 | Killed Nikola
 27374 | Spider:3 | Reached skill level 26 in Fighting
 27376 | Spider:3 | HP: 9/188 [spark wasp (4)]
 27835 | Spider:3 | Blown up by an orb spider

Illustrated notes

Levels and vault maps discovered:
D:1:      co_arrival_random_square_maze, layout_basic, serial_shops,
          nicolae_shop_bloodbath_and_beyond
D:2:      layout_loops_corners, grunt_decor_fettered, uniq_crazy_yiuf_cottage
D:3:      layout_basic, minmay_quantized, uniq_ijyb
D:4:      layout_loops_cross, hex_large, uniq_edmund, uniq_sigmund
D:5:      nicolae_cairo_tiling_large, layout_loops_cross,
          minmay_misc_feat_doors, dreamdust_princess_bridge,
          kennysheep_small_spiral, hellmonk_no_cap
D:6:      layout_basic, lemuel_round_altar, fedhas_altar_3,
          nicolae_ossuary_entry_giza, roderic_batcave
D:7:      layout_basic, minmay_temple_entry_butterflies, serial_shops, shop,
          nicolae_shop_vocational, uniq_joseph, uniq_duvessa, uniq_jeremiah
D:8:      layout_loops_ring
D:9:      layout_loops_ring, mainiacjoe_overflow_chevrons, serial_shops,
          nicolae_shop_back_alley_shop, uniq_psyche, uniq_erica
D:10:     layout_basic, enter_bailey_5, uniq_nergalle, uniq_urug
D:11:     layout_basic, lair_entry_dummy, erik_orc_4, serial_curves,
          eino_curves_01, eino_curves_01, eino_curves_02
D:12:     minmay_tile_spiral, layout_irregular_city, nzn_hepliaklqana_mist_gate
D:13:     minmay_textured_paths, layout_loops_ring, gauntlet_entry_generic,
          beargit_elvish_explorers
D:14:     kennysheep_kobold_lugonu_temple, layout_loops_corners, david_vaults_5,
          serial_bayou_pond_b, elyvilon_altar_5
D:15:     grunt_enter_depths_hoard, layout_basic, small_statue_intersection
Temple:   compressed_dpeg_triangle_lava_temple
Lair:1:   layout_concentric_octagons, chequers_serial_rivers_small_b,
          grunt_megastairs_2, serial_bayou_shore_b
Lair:2:   layout_small_grid, hellmonk_spider_entry_life_and_decay,
          ebering_ghost_rock_garden
Lair:3:   regret_index_bee_streams, layout_chaotic_city,
          nicolae_swamp_entry_splash_gauntlet, lemuel_fruit_fields,
          lemuel_fruit_tree, uniq_prince_ribbit2
Lair:4:   layout_cave_shapes, serial_forest, infiniplex_forest_clump_medium,
          infiniplex_forest_end_2, infiniplex_forest_diagonal,
          infiniplex_forest_lined_ring, infiniplex_forest_lined_2, st_stairs_9,
          wad_woods_road_03
Lair:5:   minmay_lair_end_frog_pond, layout_misc_corridors,
          minmay_slime_entry_jelly_boxes, serial_bayou_crossing
Spider:1: layout_spider_delve, guppyfry_spider_mini_1
Spider:2: layout_spider_delve
Spider:3: layout_spider_delve, nicolae_spider_wall_of_niches, uniq_nikola
Orc:1:    dreamdust_under_siege, layout_diamond_mine, basic_altar,
          lightli_church_of_beogh, uniq_erolcha
Orc:2:    hellmonk_orc_salted, layout_caves, serial_shops,
          nicolae_shop_hallway_plus

Skill      XL: |  1  2  3  4  5  6  7  8  9 10 11 12 13 14 15 16 17 |
---------------+----------------------------------------------------+-----
Axes           | 4 5 6 8 9 11 14 17 18 | 18.0
Shields        | 5 8 14 15 | 15.0
Armour         | 6 12 14 15 18 | 18.0
Fighting       | 5 9 10 12 14 22 23 26 | 26.2
Dodging        | |  2.1

Action                     |  1- 3 |  4- 6 |  7- 9 | 10-12 | 13-15 | 16-18 || total
---------------------------+-------+-------+-------+-------+-------+-------++-------
  Melee: Hand axe          |    62 |   118 |   258 |   222 |       |       ||   660
         Headbutt          |     9 |    18 |    58 |    52 |   150 |   222 ||   509
         Punch             |       |     2 |     4 |       |       |       ||     6
         Unarmed           |       |       |       |    12 |       |       ||    12
         Broad axe         |       |       |       |    37 |   563 |   864 ||  1464
         War axe           |       |       |       |    15 |       |       ||    15
         Battleaxe         |       |       |       |       |     2 |       ||     2
 Invoke: Berserk           |     1 |     2 |     4 |     3 |     8 |     3 ||    21
         Trog's Hand       |       |       |     1 |     3 |     8 |     3 ||    15
         Brothers in Arms  |       |       |       |       |       |     1 ||     1
    Use: Scroll            |       |     3 |     4 |     3 |     8 |    15 ||    33
         Potion            |       |       |       |     2 |     1 |     4 ||     7
   Stab: Distracted        |       |     1 |       |       |       |       ||     1
 Armour: Ring mail         |    34 |     2 |       |       |       |       ||    36
         Animal skin       |     1 |       |       |       |       |       ||     1
         Leather armour    |       |    45 |       |       |       |       ||    45
         Chain mail        |       |     2 |    52 |       |       |       ||    54
         Plate armour      |       |       |    77 |   126 |   121 |       ||   324
         Skin              |       |       |       |     6 |       |       ||     6
         Quicksilver drago |       |       |       |       |   235 |   593 ||   828
  Dodge: Dodged            |    31 |    73 |   140 |   113 |   300 |   353 ||  1010
  Block: Buckler           |       |       |     1 |    28 |   101 |       ||   130
         Tower shield      |       |       |       |       |   107 |   961 ||  1068
